Description

PROPS TO PIG FOR THIS AWESOME BUILD, SLIGHTLY ALTERED TO FIT THE UPDATED META

Build Order

Get SALT Encoding   

  12  0:00  Probe  
  13  0:13  Probe  
  14  0:17  Pylon  
  14  0:25  Probe (Chrono Boost)  
  15  0:37  Probe (Chrono Boost)  
  15  0:39  Gateway  
  16  0:45  Probe (Chrono Boost)  
  16  0:47  Assimilator  
  17  0:51  Probe  
  17  0:55  Probe  
  18  1:03  Probe  
  19  1:14  Gateway  
  20  1:15  Probe  
  21  1:27  Cybernetics Core, Probe  
  21  1:34  Pylon  
  21  1:39  Probe  
  22  1:49  Pylon  
  23  2:04  Sentry, Stalker  
  23  2:05  Warp Gate (Chrono Boost)  
  29  2:23  Pylon  
  30  2:47  Stalker  
  33  2:53  Stalker  
  35  3:01  Nexus  
  35  3:10  Shield Battery  
  36  3:36  Robotics Facility  
  36  3:40  Pylon  
  37  3:56  Forge  
  38  4:14  Zealot x2  
  44  4:24  Immortal (Chrono Boost)  
  44  4:28  Protoss Ground Weapons Level 1 (Chrono Boost)  
  53  4:55  Warp Prism (Chrono Boost)  
  59  5:16  Adept x2  
  67  5:29  Assimilator x2, Observer (Chrono Boost)  
  67  5:41  Twilight Council  
  69  5:44  Immortal  
  69  5:47  Gateway  
  73  5:53  Gateway  
  75  6:11  Protoss Ground Weapons Level 2 (Chrono Boost)  
  75  6:32  Immortal  
  76  6:34  Charge  
  76  6:42  Templar Archives  
  76  6:44  Gateway x4  
  76  6:50  Zealot x2  
  80  7:03  Nexus  
  80  7:18  Gateway x2  
  80  7:26  High Templar x4  
  88  7:33  Archon x2  
  88  7:49  High Templar x2  
  88  7:50  Zealot x2, Shield Battery  
  96  7:53  Archon  
  96  8:02  High Templar x2  
  100  8:07  Zealot x2, Archon  
  104  8:18  Zealot x2  
  108  8:26  Zealot x2  
  103  8:59  High Templar x2  
  103  9:04  Archon x2  
Spawning Tool Build Advisor. Get it on Overwolf

Go to:

Details

  • Created by: Batistea
  • Published on: Dec 04, 2019
  • Modified on: Dec 04, 2019
  • Patch: 4.11.0
Show
View Real Time Build Order
Export as new Build Order

Comments (0)

There are no comments. Be the first!

Create an account to comment!